Map: Prosto w Otchłań

Players

Leemari

  • Race: Protoss Protoss
  • Spawn Location: 6:00

Ravi

  • Race: Terran Terran

VOD

Have the link to the VOD?

Description

Time

  • Played on: Oct. 14, 2021, 2:52 p.m.
  • Length: 24:23
Show
View Real Time Build Order
Export as new Build Order

Leemari Protoss 

Build Orders:  

Get SALT Encoding   

  12  0:25  Pylon  
  12  0:27  Probe (Chrono Boost)  
  13  0:41  Probe (Chrono Boost)  
  14  0:55  Probe (Chrono Boost)  
  15  1:09  Probe (Chrono Boost)  
  16  1:22  Pylon  
  16  1:23  Probe (Chrono Boost)  
  17  1:37  Probe (Chrono Boost)  
  18  1:50  Probe (Chrono Boost)  
  18  1:54  Assimilator  
  19  2:01  Assimilator  
  19  2:04  Probe (Chrono Boost)  
  19  2:08  Gateway  
  20  2:14  Gateway  
  20  2:18  Probe (Chrono Boost)  
  21  2:32  Probe (Chrono Boost)  
  22  2:46  Probe (Chrono Boost)  
  23  2:55  Forge  
  23  3:00  Probe (Chrono Boost)  
  24  3:14  Probe (Chrono Boost)  
  25  3:28  Probe (Chrono Boost)  
  26  3:41  Probe (Chrono Boost)  
  26  3:42  Cybernetics Core  
  26  3:45  Gateway  
  26  3:48  Gateway  
  27  3:55  Probe (Chrono Boost)  
  27  3:59  Pylon  
  28  4:11  Pylon  
  28  4:16  Pylon  
  28  5:13  Photon Cannon  
  28  5:17  Photon Cannon  
  28  5:19  Photon Cannon  
  28  5:21  Photon Cannon  
  28  5:23  Photon Cannon  
  28  5:32  Dragoon  
  28  5:33  Dragoon  
  32  6:50  Dragoon x2  
  32  6:51  Dragoon x2  
  32  6:52  Dragoon x3  
  46  8:24  Pylon  
  46  8:48  Pylon  
  46  9:11  Pylon  
  46  9:16  Pylon  
  46  9:42  Protoss Air Weapons Level 1  
  46  11:05  Pylon  
  46  11:19  Dragoon x3  
  52  11:20  Dragoon x3  
  52  11:21  Dragoon x4  
  52  11:22  Dragoon x2  
  70  11:40  Photon Cannon  
  70  11:41  Photon Cannon  
  70  11:44  Photon Cannon  
  70  11:45  Photon Cannon  
  70  11:47  Photon Cannon  
  70  11:48  Photon Cannon  
  70  11:52  Photon Cannon  
  70  11:55  Photon Cannon  
  70  12:14  Nexus  
  70  12:22  Protoss Air Armor Level 1  
  70  13:07  Assimilator  
  70  13:11  Assimilator  
  70  13:58  Pylon  
  70  14:32  Photon Cannon  
  70  14:34  Photon Cannon  
  70  14:36  Photon Cannon  
  70  14:39  Photon Cannon  
  70  14:41  Photon Cannon  
  70  14:42  Photon Cannon  
  70  14:45  Photon Cannon  
  70  14:47  Photon Cannon  
  70  14:49  Photon Cannon  
  70  14:52  Photon Cannon  
  70  15:12  Protoss Air Weapons Level 2  
  70  16:14  Dragoon x3  
  70  16:15  Dragoon x4  
  84  17:42  Dragoon  
  84  17:43  Dragoon x3  
  84  17:44  Dragoon  
  84  17:45  Dragoon x3  
  84  17:47  Dragoon  
  102  18:22  Protoss Air Armor Level 2  
  100  19:34  Dragoon x4  
  100  19:35  Dragoon x4  
  100  19:36  Dragoon x2  
  112  20:48  Pylon  
  110  20:53  Pylon  
Show
View Real Time Build Order
Export as new Build Order

Ravi Terran 

Build Orders:  

Get SALT Encoding   

  12  0:03  SCV  
  13  0:11  SCV  
  13  0:19  SCV  
  15  0:35  Supply Bunker  
  15  0:55  SCV  
  15  0:57  Supply Bunker  
  16  1:03  SCV  
  16  1:05  Refinery  
  17  1:11  SCV  
  17  1:19  SCV  
  19  1:27  SCV  
  20  1:31  Barracks  
  20  1:35  SCV  
  21  1:43  SCV  
  22  1:51  SCV  
  22  1:59  SCV  
  24  2:04  Supply Bunker  
  24  2:07  SCV  
  25  2:11  Refinery  
  25  2:15  SCV  
  26  2:23  SCV  
  27  2:31  SCV  
  27  2:39  SCV  
  30  3:04  Dominion Trooper  
  30  3:07  Engineering Bay  
  31  3:10  Engineering Bay  
  31  3:12  Dominion Trooper  
  32  3:20  Dominion Trooper  
  32  3:28  Dominion Trooper  
  34  3:34  Supply Bunker  
  34  3:35  Dominion Trooper  
  35  3:43  Dominion Trooper  
  36  3:51  Dominion Trooper  
  36  3:59  Dominion Trooper  
  38  4:04  Terran Infantry Weapons Level 1  
  38  4:05  Terran Infantry Armor Level 1  
  38  4:07  Dominion Trooper  
  39  4:15  Dominion Trooper  
  40  4:23  Dominion Trooper  
  40  4:25  Command Center  
  41  4:31  Dominion Trooper  
  42  4:40  Dominion Trooper  
  42  4:48  Dominion Trooper  
  44  4:56  Dominion Trooper  
  44  4:58  Refinery  
  45  5:04  Dominion Trooper, SCV  
  47  5:25  Dominion Trooper  
  48  5:33  Dominion Trooper  
  48  5:38  Refinery  
  48  5:41  Dominion Trooper  
  48  5:49  Dominion Trooper  
  50  5:50  Marauder  
  50  5:55  SCV  
  50  5:57  Dominion Trooper  
  56  6:03  SCV  
  56  6:05  Dominion Trooper  
  58  6:11  SCV  
  58  6:13  Dominion Trooper  
  58  6:19  SCV  
  61  6:21  Dominion Trooper  
  61  6:27  SCV  
  61  6:29  Dominion Trooper  
  64  6:35  SCV  
  64  6:37  Supply Bunker, Dominion Trooper  
  64  6:38  Supply Bunker  
  66  6:43  SCV  
  66  6:44  Orbital Trooper Pods  
  66  6:45  Neosteel Armor, Dominion Trooper  
  68  6:53  Dominion Trooper  
  68  7:39  SCV x2  
  70  7:47  SCV x2  
  71  7:54  Marauder  
  71  7:55  SCV  
  74  8:02  SCV  
  74  8:03  SCV  
  76  8:10  SCV  
  76  8:11  SCV  
  78  8:20  Ghost Academy  
  78  8:24  Marauder  
  78  8:25  SCV x2  
  84  8:33  SCV x2  
  85  8:41  SCV  
  85  8:49  Dominion Trooper  
  89  8:57  Dominion Trooper x2  
  91  9:01  Factory  
  91  9:05  Dominion Trooper x2  
  93  9:12  Dominion Trooper  
  93  9:13  Dominion Trooper  
  95  9:20  Dominion Trooper  
  95  9:21  Dominion Trooper  
  95  9:28  Dominion Trooper  
  95  9:29  Dominion Trooper  
  99  9:36  Dominion Trooper  
  99  9:37  Dominion Trooper  
  99  9:38  Supply Bunker  
  101  9:44  Dominion Trooper x2  
  103  9:52  Dominion Trooper x2  
  105  10:00  Dominion Trooper x2  
  104  10:29  Armory  
  104  10:40  Starport  
  106  10:54  Dominion Trooper x2  
  108  11:02  Dominion Trooper x2  
  110  11:10  Dominion Trooper x2  
  110  11:18  Dominion Trooper x2  
  110  11:36  Supply Bunker  
  112  12:35  Supply Bunker  
  112  12:36  Supply Bunker  
  112  12:53  Medivac  
  112  12:55  Marauder  
  112  12:59  Dominion Trooper  
  119  13:00  Dominion Trooper  
  119  13:07  Dominion Trooper  
  121  13:14  Medivac  
  121  13:19  Dominion Trooper  
  123  13:20  Dominion Trooper  
  123  13:25  Marauder  
  123  13:28  Dominion Trooper  
  128  14:09  Medivac  
  130  14:30  Medivac  
  132  14:53  Supply Bunker, Medivac, Dominion Trooper x6  
  138  15:06  Supply Bunker, Dominion Trooper x6  
  141  15:14  Medivac  
  137  15:21  SCV  
  130  15:48  Medivac  
  130  16:03  Dominion Trooper x2  
  130  16:09  Medivac  
  134  16:11  Command Center, Dominion Trooper x2  
  134  16:19  Dominion Trooper x2  
  138  16:27  Dominion Trooper x2  
  136  16:30  Medivac  
  136  16:35  Dominion Trooper x2  
  140  16:42  Dominion Trooper  
  140  16:43  Dominion Trooper  
  141  16:50  Dominion Trooper  
  141  16:51  Medivac, Dominion Trooper  
  141  16:58  Dominion Trooper  
  144  17:18  SCV x2  
  146  17:26  SCV x2  
  146  17:34  SCV x2  
  146  17:41  SCV  
  146  17:42  SCV  
  146  17:49  SCV  
  149  17:50  SCV  
  149  17:57  SCV  
  149  17:58  SCV  
  152  18:05  SCV  
  152  18:06  SCV  
  154  18:13  SCV  
  154  18:14  SCV  
  158  18:31  Dominion Trooper x3  
  158  18:32  Dominion Trooper x4  
  158  18:33  Dominion Trooper x4  
  158  18:36  Dominion Trooper  
  158  18:37  Dominion Trooper x2  
  161  18:44  Dominion Trooper  
  161  18:45  Dominion Trooper x2  
  160  18:52  Dominion Trooper  
  160  18:53  Dominion Trooper x2  
  153  19:01  Smart Servos  
  153  19:04  SCV x4  
  153  19:05  Terran Infantry Weapons Level 2, SCV x6  
  153  19:06  Dominion Trooper, Terran Infantry Armor Level 2  
  153  19:51  Refinery  
  153  19:52  Refinery  
  153  20:03  Supply Bunker  
  153  20:04  Supply Bunker  
  153  20:05  Supply Bunker  
  153  20:06  Supply Bunker x2  
  153  20:12  Supply Bunker, Dominion Trooper  
  153  20:25  Medivac  
  158  20:31  Dominion Trooper x3  
  158  20:39  Dominion Trooper x3  
  164  20:44  Supply Bunker, Dominion Trooper x6  
  164  20:46  Medivac  
  164  20:47  Dominion Trooper x3  
  174  20:55  Dominion Trooper x2  
  176  21:03  Dominion Trooper x2  
  176  21:05  SCV  
  176  21:06  SCV  
  176  21:07  Medivac  
  180  21:25  Marauder  
  180  21:28  Medivac  
  189  21:31  Dominion Trooper x3  
  189  21:39  Dominion Trooper x3  
  195  21:47  Dominion Trooper x3  
  195  21:49  Medivac  
  197  21:53  SCV x3  
  197  21:55  Dominion Trooper x3  
  199  22:00  Dominion Trooper x3  
  199  22:03  Dominion Trooper x3  
  199  22:06  SCV x2, Refinery  
  195  22:11  Dominion Trooper  
  195  22:19  Dominion Trooper  
Tags
 
Add a new tag
Caveats
  • Supply blocks, unpowered buildings, or Contaminate may cause inaccurate times.
  • Supply counts are checked every 10 seconds.